[Event "Titled Tuesday Blitz December 20 Early 2022"]
[White "ShahxaibKhan"]
[Black "Willychess95"]
[WhiteElo "2382"]
[BlackElo "2661"]
[Result "0-1"]
[Round "09"]
[TimeControl "180+2"]
[Date "2022.12.20"]
[WhiteClock "0:00:31"]
[BlackClock "0:00:25"]

1. e4 c5 2. Nc3 Nc6 3. f4 g6 4. Nf3 Bg7 5. Bb5 Nd4 6. Bc4 e6 7. d3 Ne7 8. Nxd4 cxd4 9. Ne2 d5 10. Bb3 dxe4 11. dxe4 O-O 12. O-O Kh8 13. Bc4 a6 14. Bd3 f6 15. Bd2 b5 16. Bb4 e5 17. fxe5 fxe5 18. Qd2 Rxf1+ 19. Rxf1 Nc6 20. Bc5 Be6 21. a3 Rc8 22. b4 Na5 23. Ng3 Nc4 24. Qc1 Ne3 25. Rf3 Bh6 26. Nf1 Qh4 27. Nxe3 Bxe3+ 28. Rxe3 dxe3 29. Qxe3 Qf4 30. Qe1 Bc4 31. Be3 Qf6 32. Qc3 Qe6 33. h3 Bxd3 34. Qxd3 Kg8 35. Bh6 Qc6 36. Kh2 Qe6 37. Qe3 Rxc2 38. Qa7 Qf6 39. Qb8+ Kf7 40. Qf8+ Ke6 41. Qe8+ Qe7 42. Qc8+ Rxc8 0-1


[Site "https://www.chess.com"]

[Event "Titled Tuesday Blitz December 20 Early 2022"]
[White "Shironin, Daniil Aleks"]
[Black "fks_stal_mielec"]
[WhiteFideId "55812198"]
[WhiteElo "2115"]
[BlackElo "2284"]
[Result "0-1"]
[Round "09"]
[TimeControl "180+2"]
[Date "2022.12.20"]
[WhiteClock "0:00:37"]
[BlackClock "0:00:05"]

1. c4 e5 2. g3 Nf6 3. Bg2 Bc5 4. e3 Nc6 5. Ne2 d6 6. O-O O-O 7. a3 a5 8. Nbc3 Bf5 9. d3 Bg6 10. f4 exf4 11. gxf4 Ng4 12. d4 Bb6 13. h3 Nf6 14. Ng3 h6 15. Bd2 Re8 16. Kh2 Qd7 17. d5 Ne7 18. e4 c6 19. e5 dxe5 20. fxe5 Nh7 21. d6 Nf5 22. Qg4 h5 23. Nxh5 Rxe5 24. Bf4 Re6 25. Ng3 Nf6 26. Qf3 Nxg3 27. Bxg3 Nh5 28. Qd3 Nxg3 29. Qxg3 Rxd6 30. Qg5 Rd2 31. Rae1 Bc7+ 32. Kh1 Rxb2 33. Rg1 Re8 34. Be4 Rh2# 0-1


[Site "https://www.chess.com"]

[Event "Titled Tuesday Blitz December 20 Early 2022"]
[White "Slovak_fighter2000"]
[Black "Chesca, Alexandru"]
[BlackFideId "1214438"]
[WhiteElo "2466"]
[BlackElo "1917"]
[Result "0-1"]
[Round "09"]
[TimeControl "180+2"]
[Date "2022.12.20"]
[WhiteClock "0:02:20"]
[BlackClock "0:02:31"]

1. d4 Nf6 2. Nf3 e6 3. Bf4 b6 4. e3 Bb7 5. Nbd2 d6 6. h3 Nbd7 7. a4 c5 8. c3 a6 9. Bd3 Be7 10. O-O cxd4 11. exd4 O-O 12. Qe2 Re8 13. Rfe1 Bf8 14. Bh2 Qc7 15. Ng5 h6 16. Nge4 Nd5 17. Nc4 e5 18. dxe5 dxe5 19. Qc2 Qc6 20. Ned2 Nb4 21. Be4 Nxc2 22. Bxc6 Bxc6 0-1


[Site "https://www.chess.com"]

[Event "Titled Tuesday Blitz December 20 Early 2022"]
[White "Sokolov, Ivan"]
[Black "Steegersee"]
[WhiteFideId "14400030"]
[WhiteElo "2590"]
[BlackElo "2425"]
[Result "1-0"]
[Round "09"]
[TimeControl "180+2"]
[Date "2022.12.20"]
[WhiteClock "0:00:23"]
[BlackClock "0:00:35"]

1. b3 e5 2. Bb2 Nc6 3. Nf3 e4 4. Nd4 Nxd4 5. Bxd4 d5 6. c4 Nf6 7. Nc3 c6 8. Bxf6 gxf6 9. e3 Bb4 10. Rc1 O-O 11. Qh5 Bxc3 12. Rxc3 f5 13. cxd5 cxd5 14. Be2 Qf6 15. O-O Be6 16. Rfc1 Rac8 17. h4 h6 18. g3 Rxc3 19. Rxc3 Rc8 20. Rxc8+ Bxc8 21. Bf1 Be6 22. d4 Kg7 23. Bh3 Bd7 24. Qd1 Qc6 25. Qd2 b6 26. Bf1 a5 27. Be2 Be6 28. Kf1 Bd7 29. Ke1 Kf6 30. Kd1 Ke7 31. Qc2 Qd6 32. Qb2 Qb4 33. a3 Qd6 34. Qc1 Be8 35. Kc2 Bd7 36. Kb2 Be8 37. Qc3 Bd7 38. b4 axb4 39. Qxb4 Qxb4+ 40. axb4 b5 41. Kc3 Kf6 42. Kd2 Kg6 43. Ke1 h5 44. Kf1 Kh6 45. Kg1 Kg6 46. Kh2 Kh6 47. Bd1 Kg6 48. Bc2 Kh6 49. Bb1 Kg6 50. Kg1 Kh6 51. Kf1 Kg6 52. Ke1 Kh6 53. Ba2 Kg6 54. Bxd5 Kf6 55. Kd2 Ke7 56. Kc3 Kf6 57. Bb3 Be8 58. Ba2 Bd7 59. Bb3 Be8 60. Bd1 Kg6 61. d5 1-0


[Site "https://www.chess.com"]

[Event "Titled Tuesday Blitz December 20 Early 2022"]
[White "Suduvasachmatai"]
[Black "Dreux, Vincent"]
[BlackFideId "658960"]
[WhiteElo "2110"]
[BlackElo "1937"]
[Result "0-1"]
[Round "09"]
[TimeControl "180+2"]
[Date "2022.12.20"]
[WhiteClock "0:00:05"]
[BlackClock "0:00:07"]

1. e4 c5 2. c3 d5 3. exd5 Qxd5 4. d4 e6 5. Nf3 Nf6 6. Be2 Be7 7. O-O O-O 8. Be3 cxd4 9. cxd4 Nc6 10. Nc3 Qd8 11. Ne5 Nb4 12. Bd3 Nxd3 13. Qxd3 Nd5 14. f4 b6 15. f5 Nxc3 16. bxc3 exf5 17. Rae1 Bd6 18. Bf4 Qc7 19. Bg3 f6 20. Nc4 Bxg3 21. hxg3 Ba6 22. Qxf5 Bxc4 23. Rf4 Rae8 24. Rfe4 Rxe4 25. Qxe4 Bf7 26. Kh2 Re8 27. Qb1 Rxe1 28. Qxe1 h5 29. Qe4 Qd6 30. Qa8+ Kh7 31. Qe4+ Bg6 32. Qh4 b5 33. Kg1 a5 34. g4 Qd5 35. gxh5 Qxh5 36. Qe1 Qd5 37. Qh4+ Kg8 38. Qe1 Kf7 39. Qg3 Qd7 40. Qe3 Bf5 41. Qf4 g5 42. Qe3 Be6 43. Qf3 Bd5 44. Qh5+ Kg7 45. Qe2 Qe6 46. Qd3 Qe4 47. Qxb5 Qxg2# 0-1


[Site "https://www.chess.com"]

[Event "Titled Tuesday Blitz December 20 Early 2022"]
[White "Szpar, Milosz"]
[Black "Balasch Peries, Eduard"]
[WhiteFideId "1184989"]
[BlackFideId "32067372"]
[WhiteElo "2447"]
[BlackElo "1671"]
[Result "1-0"]
[Round "09"]
[TimeControl "180+2"]
[Date "2022.12.20"]
[WhiteClock "0:00:56"]
[BlackClock "0:00:03"]

1. e4 e5 2. Nf3 Nc6 3. Bb5 a6 4. Ba4 Nf6 5. O-O Be7 6. Re1 b5 7. Bb3 d6 8. c3 O-O 9. h3 Na5 10. Bc2 c5 11. d4 Qc7 12. Nbd2 Be6 13. Nf1 Nc4 14. b3 Nb6 15. Ne3 a5 16. a4 bxa4 17. bxa4 Rfc8 18. d5 Bd7 19. Nh2 Rab8 20. c4 Na8 21. Bd2 Qa7 22. Bc3 Nc7 23. Rf1 Na6 24. f4 exf4 25. Rxf4 Nb4 26. Bxf6 Bxf6 27. Rxf6 gxf6 28. Qh5 Nxc2 29. Nxc2 Rb2 30. Ng4 Rxc2 31. Nh6+ Kg7 32. Qxf7+ Kxh6 33. Qxf6+ Kh5 34. g4+ Bxg4 35. hxg4+ Kxg4 36. Kh1 Kh5 37. Rg1 Rc1 1-0


[Site "https://www.chess.com"]

[Event "Titled Tuesday Blitz December 20 Early 2022"]
[White "TheoSlade"]
[Black "Devallee, Jeremie"]
[BlackFideId "665240"]
[WhiteElo "2571"]
[BlackElo "2204"]
[Result "0-1"]
[Round "09"]
[TimeControl "180+2"]
[Date "2022.12.20"]
[WhiteClock "0:00:08"]
[BlackClock "0:00:01"]

1. d4 Nf6 2. c4 e6 3. g3 b6 4. Bg2 d5 5. cxd5 exd5 6. Nf3 Bb7 7. O-O Nbd7 8. Nc3 Be7 9. Bf4 O-O 10. Nb5 c5 11. Nd6 Ba6 12. Nf5 Rc8 13. Re1 Re8 14. Nxe7+ Qxe7 15. e3 Bb5 16. Bg5 Qe6 17. Qb3 Bc4 18. Qa4 a5 19. dxc5 Nxc5 20. Qa3 Nfe4 21. Bf4 Qf6 22. h4 Nd3 23. Nd4 Ndxf2 24. b3 Ba6 25. Rac1 Nd3 26. Rxc8 Rxc8 27. Rf1 Qg6 28. Kh2 Ndc5 29. Rc1 h6 30. Bh3 Re8 31. Bf5 Qf6 32. b4 Nd3 33. b5 Bxb5 34. Nxb5 Nxc1 35. Bd7 Rd8 36. Bg4 Nd3 37. Qxd3 Qb2+ 38. Qe2 Qf6 39. Bc7 Re8 40. Bd7 Rf8 41. Nd4 Nc5 42. Bf4 Nxd7 43. Qf3 Nc5 44. Qxd5 Ne6 45. Nf5 Nxf4 46. gxf4 Re8 47. e4 Qg6 48. Ne7+ Rxe7 49. Qd8+ Kh7 50. Qxe7 f6 51. e5 Qc2+ 52. Kh3 Qd3+ 53. Kh2 Qe2+ 54. Kg3 Qe3+ 55. Kg2 Qe4+ 56. Kg3 Qe3+ 57. Kg2 Qd2+ 58. Kg3 Qc3+ 59. Kg2 Qc6+ 60. Kg3 Qc3+ 61. Kg4 Qc6 62. e6 Qg2+ 63. Kf5 Qg6# 0-1


[Site "https://www.chess.com"]

[Event "Titled Tuesday Blitz December 20 Early 2022"]
[White "TigrVShlyape"]
[Black "AttractiveChess"]
[WhiteElo "2914"]
[BlackElo "2784"]
[Result "1-0"]
[Round "09"]
[TimeControl "180+2"]
[Date "2022.12.20"]
[WhiteClock "0:00:36"]
[BlackClock "0:00:07"]

1. e4 e5 2. Nf3 Nc6 3. Bb5 a6 4. Ba4 Nf6 5. O-O Be7 6. Re1 b5 7. Bb3 O-O 8. c3 d6 9. d4 Bg4 10. d5 Na5 11. Bc2 c6 12. h3 Bc8 13. dxc6 Nxc6 14. Nbd2 h6 15. Nf1 Be6 16. Ng3 Re8 17. Qe2 Qc7 18. a4 b4 19. c4 b3 20. Bxb3 Na5 21. Ba2 Nxc4 22. Bxh6 Na5 23. Bxe6 fxe6 24. Bd2 Nb3 25. Rad1 Qc2 26. Bb4 Qc6 27. a5 Rab8 28. Bc3 Bf8 29. Nh4 Kf7 30. Nh5 Be7 31. Nxf6 Bxf6 32. Qh5+ Kg8 33. Ng6 Rb5 34. Rd3 Nd4 35. g4 Qc4 36. Nxe5 Bxe5 37. Qxe8+ Kh7 38. Rde3 Nc2 39. Bxe5 Nxe3 40. Bxg7 Qxe4 41. Qh8+ Kg6 42. Qh6+ Kf7 43. Rxe3 1-0


[Site "https://www.chess.com"]

[Event "Titled Tuesday Blitz December 20 Early 2022"]
[White "Timofeeva, Galina"]
[Black "Pranav, V"]
[WhiteFideId "14106175"]
[BlackFideId "25060783"]
[WhiteElo "1955"]
[BlackElo "2597"]
[Result "1-0"]
[Round "09"]
[TimeControl "180+2"]
[Date "2022.12.20"]
[WhiteClock "0:01:59"]
[BlackClock "0:00:39"]

1. d4 Nf6 2. Nc3 d5 3. Bf4 g6 4. e3 Bg7 5. h4 a6 6. Nf3 Bg4 7. Be2 h5 8. Ne5 Bxe2 9. Qxe2 Nbd7 10. O-O-O c6 11. Kb1 b5 12. f3 Qc8 13. e4 O-O 14. Nxd7 Nxd7 15. exd5 b4 16. Na4 cxd5 17. Qxe7 a5 18. Qd6 Re8 19. Rhe1 Rxe1 20. Rxe1 Bxd4 21. Qxd5 Bf6 22. Bg5 Bxg5 23. hxg5 Nf8 24. Nb6 Qe8 25. Rxe8 1-0


[Site "https://www.chess.com"]

[Event "Titled Tuesday Blitz December 20 Early 2022"]
[White "Tologon tegin, Semetei"]
[Black "Misanik, Peter"]
[WhiteFideId "13800574"]
[BlackFideId "14921421"]
[WhiteElo "2372"]
[BlackElo "1785"]
[Result "0-1"]
[Round "09"]
[TimeControl "180+2"]
[Date "2022.12.20"]
[WhiteClock "0:00:03"]
[BlackClock "0:01:40"]

1. e4 c5 2. Nf3 d6 3. d4 cxd4 4. Nxd4 Nf6 5. Nc3 a6 6. a3 e5 7. Nf3 Be7 8. Bg5 Be6 9. Bxf6 Bxf6 10. Nd5 Nd7 11. Bc4 Nb6 12. Ba2 Rc8 13. c3 Be7 14. O-O O-O 15. Qd3 Rc5 16. Nxb6 Qxb6 17. Bxe6 fxe6 18. b4 Rc7 19. c4 Qc6 20. Rac1 Bf6 21. Rfd1 Rd8 22. h4 h6 23. g4 Qe8 24. h5 Be7 25. Kg2 Rdc8 26. Rc3 Qf7 27. Rdc1 Qf4 28. Nh2 b5 29. f3 bxc4 30. Rxc4 Qxc1 31. Rxc1 Rxc1 32. Qxa6 R8c2+ 33. Kh3 Rh1 34. g5 Rhxh2+ 0-1


[Site "https://www.chess.com"]

[Event "Titled Tuesday Blitz December 20 Early 2022"]
[White "Tsyhanchuk_Stanislav"]
[Black "Aleksandar-Topalov"]
[WhiteElo "2335"]
[BlackElo "2401"]
[Result "1-0"]
[Round "09"]
[TimeControl "180+2"]
[Date "2022.12.20"]
[WhiteClock "0:00:08"]
[BlackClock "0:00:01"]

1. e4 e6 2. d4 d5 3. Nc3 Bb4 4. exd5 exd5 5. Bd3 Ne7 6. Ne2 O-O 7. O-O c6 8. Bf4 Ng6 9. Bg3 Nd7 10. a3 Ba5 11. b4 Bb6 12. Na4 Bc7 13. Nc5 Nf6 14. Qd2 b6 15. Nb3 Re8 16. Rac1 Ne4 17. Bxe4 Rxe4 18. Bxc7 Qxc7 19. Ng3 Re8 20. c4 Be6 21. c5 b5 22. f4 Bd7 23. f5 Nf8 24. f6 Ng6 25. fxg7 Bg4 26. Qf2 Qe7 27. h3 Bd7 28. Rce1 Be6 29. Nf5 Qg5 30. Nd6 Re7 31. Nd2 Kxg7 32. Nf3 Qf4 33. Ne5 Qxf2+ 34. Rxf2 Nxe5 35. Rxe5 a5 36. Nf5+ Bxf5 37. Rxe7 Bg6 38. Rc7 axb4 39. axb4 Ra4 40. Rxc6 Rxb4 41. Rb6 Rxd4 42. Rxb5 Rc4 43. c6 d4 44. Rd5 d3 45. h4 Rxc6 46. h5 Be4 47. Rd7 Rf6 48. Rxf6 Kxf6 49. Kf2 Ke6 50. Rd8 Bd5 51. g3 d2 52. Ke2 Be4 53. Kxd2 Kf5 54. Ke3 Bc2 55. Rg8 f6 56. g4+ Ke5 57. Re8+ Kd6 58. Kf4 1-0


[Site "https://www.chess.com"]

[Event "Titled Tuesday Blitz December 20 Early 2022"]
[White "Ural_bogatyr"]
[Black "Lim, Seng Hoo"]
[BlackFideId "5800021"]
[WhiteElo "2615"]
[BlackElo "2440"]
[Result "1-0"]
[Round "09"]
[TimeControl "180+2"]
[Date "2022.12.20"]
[WhiteClock "0:01:20"]
[BlackClock "0:01:20"]

1. d4 Nf6 2. Nc3 d5 3. Bf4 a6 4. e3 e6 5. g4 c5 6. g5 Nfd7 7. Nf3 Nc6 8. h4 b5 9. Bg2 Bb7 10. Ne2 Rc8 11. c3 Qb6 12. Ng3 b4 13. O-O Be7 14. e4 dxe4 15. Nxe4 O-O 16. Re1 Rfd8 17. h5 cxd4 18. cxd4 Nf8 19. Be3 Na5 20. Ne5 Bd5 21. Qg4 Qb7 22. Nf6+ Kh8 23. Nxf7# 1-0


[Site "https://www.chess.com"]

[Event "Titled Tuesday Blitz December 20 Early 2022"]
[White "Vesper, Horst"]
[Black "Imperial, Genghis"]
[WhiteFideId "24677159"]
[BlackFideId "5230403"]
[WhiteElo "2028"]
[BlackElo "1812"]
[Result "0-1"]
[Round "09"]
[TimeControl "180+2"]
[Date "2022.12.20"]
[WhiteClock "0:00:22"]
[BlackClock "0:01:23"]

1. e4 c6 2. d4 d5 3. e5 Bf5 4. Nf3 e6 5. Be2 h6 6. O-O Nd7 7. Nbd2 Ne7 8. c3 Qc7 9. Re1 g5 10. Nf1 Bg7 11. Ng3 Bg6 12. Bd3 O-O-O 13. b4 Rde8 14. b5 c5 15. Bxg6 Nxg6 16. Nh5 Bf8 17. c4 g4 18. Nd2 cxd4 19. Bb2 Ndxe5 20. cxd5 Kb8 21. Bxd4 exd5 22. Qa4 b6 23. Rac1 Bc5 24. Nb3 Nd3 25. Rxe8+ Rxe8 26. Nxc5 Nxc1 27. Na6+ Kb7 28. Qd1 Qc2 0-1


[Site "https://www.chess.com"]

[Event "Titled Tuesday Blitz December 20 Early 2022"]
[White "VincentKeymer"]
[Black "Al-Kailani, Zaid"]
[BlackFideId "8100187"]
[WhiteElo "2980"]
[BlackElo "2053"]
[Result "0-1"]
[Round "09"]
[TimeControl "180+2"]
[Date "2022.12.20"]
[WhiteClock "0:00:05"]
[BlackClock "0:01:02"]

1. Nf3 d5 2. e3 Nf6 3. c4 c6 4. Nc3 Bg4 5. cxd5 cxd5 6. Qb3 Nc6 7. Qxb7 Bd7 8. Bb5 Rb8 9. Qxc6 Bxc6 10. Bxc6+ Nd7 11. Ne5 Rb7 12. Bxb7 Nxe5 13. Bxd5 e6 14. Be4 f5 15. Bc2 Nd3+ 16. Ke2 Nb4 17. Ba4+ Kf7 18. d4 Qg5 19. g3 h5 20. a3 Qg4+ 21. f3 Qh3 22. Rf1 Nd3 23. Bd2 Nxb2 24. Bb3 Qxh2+ 25. Rf2 Qxg3 26. Ra2 Nd3 27. Kxd3 Qxf2 28. d5 e5 29. d6+ Kg6 30. Bd5 Bxd6 31. e4 f4 0-1


[Site "https://www.chess.com"]

[Event "Titled Tuesday Blitz December 20 Early 2022"]
[White "Xiong, Jeffery"]
[Black "Yildiz, Ayse Emek"]
[WhiteFideId "2047640"]
[BlackFideId "6303528"]
[WhiteElo "2692"]
[BlackElo "1702"]
[Result "0-1"]
[Round "09"]
[TimeControl "180+2"]
[Date "2022.12.20"]
[WhiteClock "0:01:28"]
[BlackClock "0:01:11"]

1. e4 e5 2. Nf3 Nc6 3. Nc3 Nf6 4. d4 exd4 5. Nxd4 Bb4 6. Nxc6 bxc6 7. Bd3 O-O 8. O-O d5 9. exd5 cxd5 10. h3 c6 11. Qf3 Rb8 12. Bf4 Bd6 13. b3 Rb4 14. Ne2 Bxf4 15. Nxf4 Qd6 16. c4 g6 17. Rfd1 Rd8 18. Rac1 Kg7 19. Bb1 a5 20. g3 a4 21. Qc3 axb3 22. axb3 d4 23. Rxd4 Rxb3 24. Rxd6 Rxc3 25. Rxc3 Rxd6 26. Bc2 g5 27. c5 Rd2 28. Ng2 Nd5 0-1


[Site "https://www.chess.com"]

[Event "Titled Tuesday Blitz December 20 Early 2022"]
[White "Zahid, Sanatan"]
[Black "stollenmonster"]
[WhiteFideId "10201963"]
[WhiteElo "1930"]
[BlackElo "2932"]
[Result "0-1"]
[Round "09"]
[TimeControl "180+2"]
[Date "2022.12.20"]
[WhiteClock "0:01:32"]
[BlackClock "0:00:36"]

1. d4 Nf6 2. Nc3 d5 3. Bf4 g6 4. e3 Bg7 5. h4 h6 6. Nf3 c6 7. Ne5 Nbd7 8. Bd3 Nxe5 9. dxe5 Ng4 10. e4 d4 11. Ne2 Nxe5 12. Bxe5 Bxe5 13. f4 Bg7 14. e5 Bg4 15. Qd2 Qb6 16. O-O-O O-O-O 17. Bc4 e6 18. Qd3 h5 19. Rd2 Qa5 20. Ng3 Bh6 21. Rf1 Kb8 22. Ne4 Bf5 23. Qf3 Rd7 24. Nd6 Bg4 25. Qb3 Qc5 26. Kb1 Rhd8 27. Rc1 Bxf4 28. Rf2 Bxc1 29. Rxf7 Rxf7 30. Nxf7 Rd7 31. Bxe6 Re7 32. Bxg4 hxg4 33. Kxc1 d3 34. Qxd3 Qg1+ 35. Kd2 Qxg2+ 36. Kc3 Qf3 37. e6 Rxe6 38. Kb4 Re4+ 39. Kc5 Qf5+ 40. Kd6 Re6+ 41. Kd7 Qxf7+ 42. Kd8 Re8# 0-1


[Site "https://www.chess.com"]

[Event "Titled Tuesday Blitz December 20 Early 2022"]
[White "annacramling"]
[Black "Anata, Choudhury"]
[BlackFideId "10215026"]
[WhiteElo "2219"]
[BlackElo "2172"]
[Result "0-1"]
[Round "09"]
[TimeControl "180+2"]
[Date "2022.12.20"]
[WhiteClock "0:00:01"]
[BlackClock "0:00:27"]

1. d4 d5 2. c4 c6 3. Nc3 Nf6 4. Nf3 e6 5. e3 Nbd7 6. Bd3 dxc4 7. Bxc4 b5 8. Bd3 Bd6 9. e4 e5 10. d5 cxd5 11. Nxb5 Bc5 12. Nc3 dxe4 13. Nxe4 O-O 14. O-O Nxe4 15. Bxe4 Rb8 16. Bg5 f6 17. Bh4 Rxb2 18. Bd5+ Kh8 19. Bb3 Ba6 20. Re1 Qb6 21. Nd2 Bb4 22. Ne4 Bxe1 23. Qxe1 Re2 24. Qb1 Qd4 25. Ng3 Qxf2+ 26. Kh1 Qxg2# 0-1


[Site "https://www.chess.com"]

[Event "Titled Tuesday Blitz December 20 Early 2022"]
[White "bazar-wokzal"]
[Black "Tobias_Koelle"]
[WhiteElo "2582"]
[BlackElo "2779"]
[Result "0-1"]
[Round "09"]
[TimeControl "180+2"]
[Date "2022.12.20"]
[WhiteClock "0:00:09"]
[BlackClock "0:00:13"]

1. e4 g6 2. Nc3 Bg7 3. h4 c5 4. h5 Nc6 5. Bc4 d6 6. d3 Nd4 7. h6 Bf6 8. Nd5 b5 9. Nxf6+ Nxf6 10. c3 bxc4 11. cxd4 cxd4 12. Qa4+ Nd7 13. Qxc4 Ne5 14. Qxd4 O-O 15. f4 Qc7 16. fxe5 dxe5 17. Qc3 Qd6 18. Nf3 f6 19. Be3 Be6 20. O-O Rfc8 21. Qd2 a5 22. b3 a4 23. bxa4 Rxa4 24. Rf2 Rca8 25. Qc3 Ra3 26. Qc5 Rxd3 27. Ne1 Rd1 28. Qxd6 Rxd6 29. a4 Kf7 30. a5 Rda6 31. Bd2 Bc4 32. Bb4 Bb5 33. Nf3 Ke6 34. Rc1 Bc6 35. Nd2 Rb8 36. Bc3 Rb5 37. Rb1 Rc5 38. Bb4 Rc2 39. Nb3 Rc4 40. Nc5+ Rxc5 41. Bxc5 Rxa5 42. Bb6 Ra4 43. Re1 Bxe4 44. Rb2 Kf5 45. Bc5 e6 46. Bf8 Kg5 47. Rf2 Bf5 48. Bg7 e4 49. Re3 e5 50. Rg3+ Kh4 51. Kh2 Ra6 52. Re2 Kh5 53. Ree3 g5 54. Rb3 Kg6 55. Rb8 Be6 56. Re3 Bd5 57. Rf8 Re6 58. g4 Bc6 59. Kg3 Rd6 60. Rc3 Bd7 61. Kf2 Bxg4 62. Rc7 f5 63. Bxe5 Rd2+ 64. Ke3 Rd3+ 65. Kf2 f4 66. Rg8+ Kxh6 67. Bg7+ Kh5 68. Bf6 e3+ 69. Kg2 Rd2+ 70. Kg1 Rd1+ 71. Kh2 Rd2+ 72. Kg1 Kh4 73. Bxg5+ Kg3 74. Bxf4+ Kxf4 75. Rf7+ Kg3 76. Rf1 e2 77. Re1 Rd1 78. Rxg4+ Kxg4 79. Kf2 Rxe1 80. Kxe1 Kg3 81. Kxe2 Kg2 82. Ke3 h5 83. Kf4 h4 84. Kg4 h3 85. Kf4 h2 0-1


[Site "https://www.chess.com"]

[Event "Titled Tuesday Blitz December 20 Early 2022"]
[White "bennyficial"]
[Black "HashtagChess"]
[WhiteElo "2145"]
[BlackElo "1812"]
[Result "1-0"]
[Round "09"]
[TimeControl "180+2"]
[Date "2022.12.20"]
[WhiteClock "0:00:27"]
[BlackClock "0:00:12"]

1. Nf3 Nf6 2. c4 c6 3. d4 d5 4. cxd5 cxd5 5. Nc3 Nc6 6. h3 Bf5 7. Bf4 e6 8. e3 a6 9. Bd3 Bxd3 10. Qxd3 Bd6 11. Bxd6 Qxd6 12. O-O O-O 13. Rac1 Rac8 14. Rfe1 h6 15. Nd2 b5 16. Rcd1 b4 17. Ne2 a5 18. Nf4 a4 19. Qb5 a3 20. bxa3 bxa3 21. Nd3 Rb8 22. Qc5 Qc7 23. Rc1 Rfc8 24. Ne5 Ne4 25. Nxe4 1-0


[Site "https://www.chess.com"]

[Event "Titled Tuesday Blitz December 20 Early 2022"]
[White "emeli_chess"]
[Black "APOKALIPSA13"]
[WhiteElo "2405"]
[BlackElo "2220"]
[Result "1-0"]
[Round "09"]
[TimeControl "180+2"]
[Date "2022.12.20"]
[WhiteClock "0:01:05"]
[BlackClock "0:00:27"]

1. d4 e5 2. dxe5 Nc6 3. Nf3 Qe7 4. Bg5 Qb4+ 5. Bd2 Qxb2 6. Nc3 Bb4 7. Rb1 Qxc3 8. Bxc3 Bxc3+ 9. Nd2 Bxe5 10. e3 Nf6 11. Bd3 O-O 12. O-O d5 13. Nf3 Bd6 14. Nd4 Nxd4 15. exd4 Rb8 16. Re1 Bg4 17. Qd2 h6 18. h3 Be6 19. Qe3 a6 20. Qf3 b5 21. Bf5 Ne4 22. Bxe4 dxe4 23. Qxe4 Bxa2 24. Ra1 Bc4 25. Rxa6 f5 26. Qf3 Rbe8 27. Rxe8 Rxe8 28. Ra8 Rxa8 29. Qxa8+ Kh7 30. Qe8 g6 31. g3 h5 32. Kg2 Kg7 33. f3 Kh7 34. g4 hxg4 35. hxg4 fxg4 36. fxg4 Bd5+ 37. Kh3 Bc4 38. Kh4 Bf4 39. Qe7+ Kg8 40. Qf6 Bf1 41. Qxg6+ 1-0


[Site "https://www.chess.com"]

[Event "Titled Tuesday Blitz December 20 Early 2022"]
[White "exoticprincess"]
[Black "Firouzja, Alireza"]
[BlackFideId "12573981"]
[WhiteElo "3057"]
[BlackElo "2785"]
[Result "0-1"]
[Round "09"]
[TimeControl "180+2"]
[Date "2022.12.20"]
[WhiteClock "0:00:02"]
[BlackClock "0:01:41"]

1. d4 Nf6 2. c4 g6 3. g3 Bg7 4. Bg2 O-O 5. Nc3 d6 6. Nf3 Nbd7 7. O-O e5 8. e4 c6 9. h3 Qb6 10. c5 dxc5 11. dxe5 Ne8 12. e6 fxe6 13. Ng5 Ne5 14. f4 Nf7 15. Nxf7 Bd4+ 16. Kh2 Rxf7 17. e5 Nc7 18. Ne4 Nd5 19. h4 Qd8 20. a4 b6 21. Ra3 Qe7 22. Bh3 Ba6 23. Re1 Rd8 24. Ng5 Rf5 25. Bxf5 exf5 26. e6 Nf6 27. Qf3 Bc4 28. Qxc6 Bd5 29. Qb5 Ng4+ 30. Kh3 c4 31. Nf7 Qb7 32. Re2 Bxe6 33. Rg2 Bxf7 0-1


[Site "https://www.chess.com"]

[Event "Titled Tuesday Blitz December 20 Early 2022"]
[White "googlegoom"]
[Black "Begmuratov, Khumoyun"]
[BlackFideId "14210207"]
[WhiteElo "2581"]
[BlackElo "2387"]
[Result "0-1"]
[Round "09"]
[TimeControl "180+2"]
[Date "2022.12.20"]
[WhiteClock "0:01:19"]
[BlackClock "0:01:08"]

1. Nf3 Nf6 2. b3 g6 3. Bb2 Bg7 4. e3 O-O 5. d4 d6 6. Be2 b6 7. O-O Bb7 8. c4 Nbd7 9. Nbd2 e6 10. Qc2 Qe7 11. Rfd1 a6 12. Rac1 e5 13. dxe5 dxe5 14. Qb1 e4 15. Ne1 Ne5 16. Qa1 Rfe8 17. Nb1 c5 18. Nc3 Qe6 19. Na4 Nh5 20. Rd2 Rad8 21. Rxd8 Rxd8 22. Nxb6 Nf3+ 23. gxf3 exf3 24. Bf1 Bxb2 25. Qxb2 Qxb6 26. Qc2 Qd6 27. Nd3 Be4 28. Rd1 Nf6 29. Qc3 Ng4 0-1


[Site "https://www.chess.com"]

[Event "Titled Tuesday Blitz December 20 Early 2022"]
[White "guillembaches"]
[Black "The_filthy"]
[WhiteElo "2464"]
[BlackElo "2377"]
[Result "0-1"]
[Round "09"]
[TimeControl "180+2"]
[Date "2022.12.20"]
[WhiteClock "0:00:12"]
[BlackClock "0:00:30"]

1. e4 e6 2. d4 d5 3. exd5 exd5 4. Nf3 Nf6 5. Bd3 Be7 6. O-O O-O 7. Bg5 c6 8. Nbd2 Bg4 9. c3 Nbd7 10. Qc2 h6 11. Bf4 Nb6 12. Ne5 Be6 13. Rae1 Rc8 14. Ng6 fxg6 15. Rxe6 Qd7 16. Rfe1 Ne4 17. R6xe4 dxe4 18. Rxe4 Nd5 19. Be5 Bf6 20. Nf3 Rce8 21. h3 Bxe5 22. Nxe5 Qd6 23. Rg4 Rxe5 24. dxe5 Qxe5 25. Re4 Qf6 26. Bc4 Kh7 27. Bxd5 cxd5 28. Re3 Qg5 29. Rg3 Qh5 30. Rg4 Re8 31. Kh2 Re6 32. Qd3 Qe5+ 33. g3 Qf5 34. Qd2 Qb1 35. Kg2 Re1 36. Qxd5 Rg1+ 37. Kf3 Qf1 38. Qf7 Qd3+ 39. Kf4 g5+ 0-1


[Site "https://www.chess.com"]

[Event "Titled Tuesday Blitz December 20 Early 2022"]
[White "jaldjald"]
[Black "Kucherov, Konstantin"]
[BlackFideId "34136280"]
[WhiteElo "2386"]
[BlackElo "1983"]
[Result "1-0"]
[Round "09"]
[TimeControl "180+2"]
[Date "2022.12.20"]
[WhiteClock "0:00:15"]
[BlackClock "0:00:19"]

1. e4 b6 2. d4 Bb7 3. Bd3 e6 4. Nc3 Bb4 5. Ne2 Nf6 6. O-O d5 7. e5 Nfd7 8. Nb1 Be7 9. Nd2 Ba6 10. c4 dxc4 11. Nxc4 O-O 12. Qc2 g6 13. Bh6 Re8 14. Be4 c6 15. Rfd1 Bb7 16. Ne3 Na6 17. Rac1 Nb4 18. Qb3 Nd5 19. Nxd5 exd5 20. Bd3 c5 21. Bb5 c4 22. Qa4 Nf8 23. Bxe8 Qxe8 24. Qxe8 Rxe8 25. b3 b5 26. bxc4 bxc4 27. Rb1 Bc6 28. Bxf8 Bxf8 29. Nc3 a5 30. f4 Bb4 31. Rdc1 Kf8 32. Kf2 Ke7 33. Ke3 h5 34. g3 Ke6 35. Ne2 Kf5 36. h3 Rc8 37. Rg1 Ba4 38. g4+ hxg4 39. hxg4+ Ke6 40. Rgc1 Rh8 41. Rh1 Rc8 42. Rbc1 Ba3 43. Rb1 Bb4 44. a3 Be7 45. Rb6+ Kd7 46. Rb7+ Rc7 47. Rxc7+ Kxc7 48. Nc3 Bc6 49. a4 Bb4 50. Nb5+ Kb6 51. f5 gxf5 52. gxf5 Bxb5 53. axb5 Kxb5 54. e6 fxe6 55. fxe6 a4 56. Rb1 a3 57. e7 a2 58. e8=Q+ Ka5 59. Ra1 Bc3 60. Rxa2+ Kb4 61. Qa4# 1-0


[Site "https://www.chess.com"]

[Event "Titled Tuesday Blitz December 20 Early 2022"]
[White "lemayvega"]
[Black "aidenzhouu"]
[WhiteElo "2529"]
[BlackElo "2386"]
[Result "1-0"]
[Round "09"]
[TimeControl "180+2"]
[Date "2022.12.20"]
[WhiteClock "0:00:18"]
[BlackClock "0:00:04"]

1. e4 c6 2. d4 d5 3. Nc3 dxe4 4. Nxe4 Nf6 5. Ng3 h5 6. Bc4 h4 7. Nf1 Nbd7 8. h3 Nb6 9. Bb3 Bf5 10. Nf3 e6 11. Bf4 Bd6 12. Bg5 Qc7 13. Ne3 Ne4 14. Qe2 Nxg5 15. Nxg5 O-O-O 16. O-O-O Bf4 17. Nf3 c5 18. c3 c4 19. Bc2 Nd5 20. Kb1 Bxc2+ 21. Kxc2 Bxe3 22. fxe3 b5 23. Kb1 f6 24. Nd2 Qg3 25. Rde1 Kb8 26. Rhf1 Qc7 27. Rf3 Rd6 28. e4 Ne7 29. e5 Ra6 30. exf6 gxf6 31. Rxf6 Qa5 32. a3 Nd5 33. Qe5+ Kb7 34. Rf7+ Kb6 35. Qxe6# 1-0


[Site "https://www.chess.com"]